AoeStats
← PIGGI A MAND!!!

Nomad

510091810Analyzed
4v4 RM · 2d ago on Sep 29, 2026· 19m 15s· 8 players
Game mode
Random Map
Map size
231×231
Population
200
Speed
Normal
Resources
Standard
Victory
Conquest
Starting age
Dark Age
Ending age
Imperial Age
RankedLock teamsTeams togetherTeam positionsShared explorationLock speedFull tech treeHidden civsTurbo modeCheats
Victory
Defeat
🇦🇹 Burmese · Austria
1174
+15
🇪🇸 Koreans · Spain
1164
+15
🇫🇮 Danes · Finland
1157
+16
🇨🇳 Japanese · China
1097
+18
🇬🇧 Varangians · United Kingdom
1152
-16
🇩🇪 Franks · Germany
1152
-16
🇳🇴 Hindustanis · Norway
1150
-16
🇫🇷 Koreans · France
1142
-16
alexggg56
3:48 Loom
16:39 Feudal Age
PIGGI A MAND!!!
5:47 Loom
13:50 Feudal Age
15:08 Double-Bit Axe
20:19 Castle Age
Chianti | AwE
5:39 Loom
13:43 Feudal Age
15:56 Wheelbarrow
19:09 Castle Age
17:08 Stone Mining
17:07 Double-Bit Axe
17:33 Horse Collar
18:45 Fishing Lines
King Stannis
4:35 Loom
14:23 Feudal Age
15:44 Fletching
KePaSaMiaRMa!!
8:01 Loom
13:51 Feudal Age
15:28 Double-Bit Axe
19:12 Gold Mining
TFS|Nappa
5:23 Loom
12:38 Feudal Age
16:38 Castle Age
15:58 Forging
15:43 Double-Bit Axe
17:59 Iron Casting
17:49 Arson
爱の西西里
8:11 Loom
14:27 Feudal Age
19MCMLXXXIV84
2:55 Loom
14:27 Feudal Age
18:43 Wheelbarrow
18:36 Fletching
18:44 Fishing Lines
Connection lost

Rejoining the realm…

Still unreachable

The connection could not be restored.

Session expired

The server has moved on; the page needs a fresh start.